 Dungeon Crawl Stone Soup version 0.31.0-11-ge490571c62 (webtiles) character file.

Game seed: 16812488092826343674

5898 raph the Frost Mage (level 10, -1/58 HPs)
             Began as a Deep Elf Ice Elementalist on Jan 27, 2024.
             Was an Elder of Vehumet.
             Constricted to death by an orc knight (4 damage)
             ... on level 9 of the Dungeon.
             The game lasted 00:20:52 (10345 turns).

raph the Frost Mage (Deep Elf Ice Elementalist)    Turns: 10345, Time: 00:20:53

Health: -1/58      AC: 20    Str:  5    XL:     10   Next: 53%
Magic:  19/24      EV: 17    Int: 25    God:    Vehumet [****..]
Gold:   454        SH:  0    Dex: 15    Spells: 3/26 levels left

rFire   . . .        F - +4 long sword
rCold   . . .        (no shield)
rNeg    . . .        x - +0 steam dragon scales
rPois   .            q - +1 helmet
rElec   .            i - +0 cloak
rCorr   .            (no gloves)
SInv    .            f - +2 pair of boots
Will    ++...        h - amulet of faith
Stlth   ++++         m - ring of willpower
HPRegen 0.29/turn    A - +5 ring of evasion
MPRegen 0.19/turn

%: faith
@: ice-armoured, grasped by roots, constricted
A: no striking features
a: Renounce Religion


You were on level 9 of the Dungeon.
You worshipped Vehumet.
Vehumet was greatly pleased with you.
You visited 1 branch of the dungeon, and saw 9 of its levels.

You collected 454 gold pieces.

Inventory:

Hand Weapons
 c - a +1 dagger
 F - a +4 long sword (weapon)
Missiles
 C - 7 curare-tipped darts
Armour
 a - a +0 robe
 f - a +2 pair of boots (worn)
 i - a +0 cloak (worn)
 q - a +1 helmet (worn)
 x - +0 steam dragon scales (worn)
Jewellery
 h - an amulet of faith (around neck)
 m - a ring of willpower (left hand)
 A - a +5 ring of evasion (right hand)
 E - a ring of flight
Wands
 r - a wand of charming (25)
 u - a wand of mindburst (12)
 v - a wand of flame (14)
 D - a wand of digging (7)
Scrolls
 e - a scroll of vulnerability
 n - a scroll of teleportation
 y - a scroll of enchant weapon
Potions
 b - 2 potions of haste
 d - 2 potions of might
 g - 3 potions of heal wounds
 j - a potion of attraction
 k - 3 potions of curing
 l - a potion of lignification
 o - 2 potions of enlightenment
 p - 2 potions of resistance
 t - a potion of berserk rage {unknown}
 w - a potion of brilliance {unknown}
 z - a potion of degeneration {unknown}
 B - a potion of mutation


   Skills:
 + Level 4.4 Fighting
 + Level 6.9 Dodging
 + Level 7.3 Stealth
 + Level 8.6 Spellcasting
 * Level 7.3 Conjurations
 * Level 10.8 Ice Magic


You had 3 spell levels left.
You knew the following spells:

 Your Spells              Type           Power      Damage    Failure   Level
a - Freeze                Ice            100%       1d10      1%          1
b - Frozen Ramparts       Ice            100%       1d16      1%          3
c - Ozocubu's Armour      Ice            60%        N/A       1%          3
d - Summon Ice Beast      Ice/Summ       37%        N/A       1%          3
e - Dazzling Flash        Conj/Hex       58%        N/A       1%          3
f - Mephitic Cloud        Conj/Alch/Air  23%        N/A       1%          3
g - Sandblast             Erth           20%        2d7       1%          1
h - Searing Ray           Conj           94%        2d7       1%          2
i - Brom's Barrelling Bo  Conj/Erth      29%        2d5       3%          4

Your spell library contained the following spells:

 Spells                   Type           Power      Damage    Failure   Level
 Curse of Agony           Necr           10%        N/A       85%         5
 Silence                  Hex/Air        5%         N/A       85%         5


Dungeon Overview and Level Annotations

Branches:
Dungeon (9/15)             Temple (0/1) D:5
   Lair: D:8-11         Orc: D:9-12

Altars:
Fedhas
Gozag
Kikubaaqudgha
Okawaru
Trog
Uskayaw
Vehumet
Yredelemnul

Shops:
D:1 (

Annotations:
D:3 2 transporters, NitroKuite's ghost, amateur GrEE


Message History

The orc knight misses you.
The grasping roots constrict your ice beast!
Your ice beast dies!
Your ice beast disappears in a puff of smoke!
The grasping roots constrict you.
The grasping roots release their grip on you.
The orc knight zaps a wand.
The roots erupt in riotous growth!
The grasping roots grab you!
The orc is unaffected.
The grasping roots constrict you. Magic courses through your body.
The orc hits you with a +0 dagger. The orc knight closely misses you.
The grasping roots constrict you.
* * * LOW HITPOINT WARNING * * *
The grasping roots release their grip on you.
You slash the orc!
You kill the orc!
Vehumet accepts your kill. The orc knight misses you.
Casting: Searing Ray (safe; 1% risk of failure)
Confirm with . or Enter, or press ? or * to list all spells.
Aiming: Searing Ray (safe; 1% risk of failure)
Press: ? - help, Shift-Dir - straight line The searing ray hits the orc knight but does no damage.
The orc knight is almost dead. (Press . to maintain the ray.)
The orc knight hits you but does no damage.
The searing ray misses the orc knight.
The orc knight completely misses you.
The searing ray hits the orc knight but does no damage.
The orc knight is almost dead.
The orc knight zaps a wand.
The roots erupt in riotous growth!
The grasping roots grab you! The grasping roots constrict you!
* * * LOW HITPOINT WARNING * * *
You hear a shout!
The searing ray hits the orc knight but does no damage.
The orc knight is almost dead.
You finish channelling your searing ray.
The orc knight hits you from afar with a +2 halberd of protection!
* * * LOW HITPOINT WARNING * * *
The grasping roots constrict you.
You die...

#8.. ...o. ###o... .....
##o)oo)o ...... #oo#oo..
...... #.## 8.. .....o#
#o# #. .....). #######
#o#
......)##.....####.######
......o)@)...............
#######)#.....###########
#......## ######..#######
##.......## #######..#
##.## #..# ##.#


You could see an orc knight.

Vanquished Creatures
  Prince Ribbit (D:8)
  2 hornets (D:8)
  2 yaks (D:8)
  A wyvern (D:8)
  2 steam dragons
  2 water moccasins
  3 orc warriors (D:9)
  2 ice beasts
  A black bear (D:5)
  A sky beast (D:6)
  4 ogres
  A phantom (D:7)
  4 kobold brigands
  Blork the orc (D:6)
  2 bullfrogs (D:7)
  2 scorpions (D:5)
  3 wights (D:9)
  10 killer bees
  A howler monkey (D:6)
  A bombardier beetle (D:4)
  2 hounds
  2 centaur zombies (D:8)
  2 orc priests (D:9)
  Terence (D:3)
  3 iguanas (D:5)
  4 orc wizards
  4 killer bee zombies (D:8)
  4 adders
  A gnoll (D:4)
  A shadow imp (D:5)
  2 white imps (D:6)
  2 ufetubi (D:5)
  3 dart slugs
  2 ribbon worms
  23 orcs
  8 ball pythons
  4 endoplasms
  3 giant cockroaches
  8 goblins
  5 hobgoblins
  7 jackals
  16 kobolds
  5 quokkas
  8 bats
  3 rats
169 creatures vanquished.

Vanquished Creatures (collateral kills)
  A two-headed ogre (D:8)
  3 yaks (D:8)
  A water moccasin (D:5)
  A sky beast (D:8)
  A centaur (D:8)
  A centaur zombie (D:8)
  An orc priest (D:8)
  A killer bee zombie (D:8)
  2 gnolls (D:4)
  An adder (D:6)
  A shadow imp (D:6)
  A white imp (D:6)
  9 orcs
  7 kobolds
  A boulder (D:9)
32 creatures vanquished.

Vanquished Creatures (others)
  An orc wizard (D:9)
  3 boulders (D:9)
4 creatures vanquished.

Grand Total: 205 creatures vanquished

Notes
Turn   | Place    | Note
-------+----------+-------------------------------------------
     0 | D:1      | raph the Deep Elf Ice Elementalist began the quest for the
                  | Orb.
     0 | D:1      | Reached XP level 1. HP: 10/10 MP: 6/6
   284 | D:1      | Reached XP level 2. HP: 14/15 MP: 5/8
   492 | D:1      | Found Beobb's Weapon Shop.
   605 | D:1      | Reached skill level 5 in Ice Magic
  1152 | D:2      | Reached XP level 3. HP: 19/19 MP: 8/10
  1156 | D:2      | Learned a level 3 spell: Frozen Ramparts
  1204 | D:2      | Learned a level 3 spell: Ozocubu's Armour
  2214 | D:3      | Noticed an ogre
  2222 | D:3      | Killed an ogre
  2223 | D:3      | Reached skill level 6 in Ice Magic
  2223 | D:3      | Reached XP level 4. HP: 15/24 MP: 2/12
  2223 | D:3      | Reached XP level 5. HP: 18/28 MP: 2/14
  2227 | D:3      | Learned a level 3 spell: Summon Ice Beast
  2342 | D:3      | Found a faded altar of an unknown god.
  2429 | D:3      | Found a transporter.
  2460 | D:3      | Noticed NitroKuite's ghost (amateur GrEE)
  2478 | D:3      | Noticed Terence
  2570 | D:3      | Found a transporter.
  2744 | D:3      | Reached skill level 5 in Spellcasting
  2972 | D:3      | Killed Terence
  3184 | D:3      | Found an iron altar of Okawaru.
  3184 | D:3      | Found a radiant altar of Vehumet.
  3189 | D:3      | Found a bloodstained altar of Trog.
  3194 | D:3      | Found an ancient bone altar of Kikubaaqudgha.
  3213 | D:3      | Found a hide-covered altar of Uskayaw.
  3244 | D:3      | Became a worshipper of Vehumet
  3635 | D:4      | Noticed an ogre
  3660 | D:4      | Killed an ogre
  3661 | D:4      | Reached XP level 6. HP: 33/33 MP: 9/16
  3933 | D:4      | Reached skill level 7 in Ice Magic
  4073 | D:4      | Reached skill level 1 in Fighting
  4507 | D:5      | Entered Level 5 of the Dungeon
  4535 | D:5      | Noticed a water moccasin
  4541 | D:5      | Killed a water moccasin
  4542 | D:5      | Reached XP level 7. HP: 38/38 MP: 5/17
  4781 | D:5      | Found a staircase to the Ecumenical Temple.
  5072 | D:5      | Reached * piety under Vehumet
  5072 | D:5      | Offered knowledge of Sandblast by Vehumet.
  5122 | D:5      | Found an opulent altar of Gozag.
  5127 | D:5      | Learned a level 3 spell: Dazzling Flash
  5131 | D:5      | Learned a level 3 spell: Mephitic Cloud
  5436 | D:5      | Reached skill level 1 in Conjurations
  5761 | D:6      | Reached skill level 8 in Ice Magic
  5778 | D:6      | Reached XP level 8. HP: 38/44 MP: 12/19
  5981 | D:6      | Found a blossoming altar of Fedhas.
  6280 | D:6      | Learned a level 1 spell: Sandblast
  6466 | D:6      | Noticed Blork the orc
  6473 | D:6      | Killed Blork the orc
  7075 | D:7      | Reached skill level 5 in Stealth
  7116 | D:7      | Offered knowledge of Static Discharge by Vehumet.
  7119 | D:7      | Reached ** piety under Vehumet
  7120 | D:7      | Reached skill level 5 in Dodging
  7248 | D:7      | Reached skill level 9 in Ice Magic
  7351 | D:7      | Reached XP level 9. HP: 50/50 MP: 10/21
  8142 | D:8      | Reached skill level 5 in Conjurations
  8249 | D:8      | Reached skill level 10 in Ice Magic
  8285 | D:8      | Noticed a two-headed ogre
  8290 | D:8      | Killed a two-headed ogre
  8291 | D:8      | Reached XP level 10. HP: 31/56 MP: 9/24
  8434 | D:8      | Offered knowledge of Searing Ray by Vehumet.
  8443 | D:8      | Learned a level 2 spell: Searing Ray
  8578 | D:8      | Found a basalt altar of Yredelemnul.
  8590 | D:8      | Reached *** piety under Vehumet
  9029 | D:8      | Noticed Prince Ribbit
  9042 | D:8      | Killed Prince Ribbit
  9500 | D:9      | Offered knowledge of Sticky Flame by Vehumet.
  9931 | D:9      | Noticed an orc knight
  9940 | D:9      | Noticed an orc knight
  9941 | D:9      | Reached **** piety under Vehumet
  9954 | D:9      | HP: 1/58 [orc knight/+0 long sword (14)]
 10072 | D:9      | Offered knowledge of Brom's Barrelling Boulder by Vehumet.
 10106 | D:9      | Learned a level 4 spell: Brom's Barrelling Boulder
 10345 | D:9      | Constricted to death by an orc knight

Illustrated notes

Levels and vault maps discovered:
D:1:      dpeg_arrival_water_temple_mockup, layout_basic, serial_shops, shop,
          minmay_hedge_maze
D:2:      layout_loops_ring, minmay_quantized
D:3:      layout_basic, chequers_temple_overflow_minitemple,
          gammafunk_ghost_arena, hellmonk_ecumenical_altar_slurped_away,
          serial_bayou_pond_c, minmay_fractal_squares_diagonal_5, uniq_terence
D:4:      layout_cave_pods, st_stairs_7
D:5:      layout_loops_ring, grunt_gozag_breadcrumbs, minmay_temple_entry_mist,
          minmay_diced_spiral
D:6:      layout_cave_pools, mainiacjoe_overflow_alcove_4, nicolae_titane,
          uniq_blork_the_orc
D:7:      layout_loops_ring, st_stairs_10, hangedman_decor_points
D:8:      layout_gridville, nicolae_yredelemnul_corpse_copse,
          uniq_prince_ribbit1
D:9:      layout_basic, minmay_tree_intersection, lightli_church_of_beogh

Skill      XL: |  1  2  3  4  5  6  7  8  9 10 |
---------------+-------------------------------+-----
Ice Magic      | 5 6 7 8 9 10 | 10.8
Spellcasting   | 4 5 6 7 8 |  8.6
Stealth        | 3 4 5 6 7 |  7.3
Fighting       | 1 2 3 4 |  4.4
Dodging        | 3 4 5 6 |  6.9
Conjurations   | 1 4 6 7 |  7.3

Action                     |  1- 3 |  4- 6 |  7- 9 | 10-12 || total
---------------------------+-------+-------+-------+-------++-------
  Melee: Dagger            |    26 |    45 |    70 |     5 ||   146
         Punch             |       |       |     1 |     1 ||     2
         Long sword        |       |       |       |    11 ||    11
  Throw: Dart              |       |       |       |     1 ||     1
   Cast: Freeze            |    28 |    12 |    22 |     5 ||    67
         Frozen Ramparts   |     6 |    21 |    35 |    14 ||    76
         Ozocubu's Armour  |     1 |    11 |    21 |     8 ||    41
         Summon Ice Beast  |       |     7 |    18 |    11 ||    36
         Sandblast         |       |       |    12 |     2 ||    14
         Searing Ray       |       |       |       |    13 ||    13
         Brom's Barrelling |       |       |       |     6 ||     6
Ability: Begin Untransform |     1 |       |       |       ||     1
    Use: Scroll            |     7 |     5 |    10 |     3 ||    25
         Potion            |       |     1 |       |     3 ||     4
   Stab: Sleeping          |    13 |     2 |       |     4 ||    19
 Armour: Robe              |    20 |    39 |    42 |       ||   101
         Steam dragon scal |       |       |    24 |    49 ||    73
  Dodge: Dodged            |    25 |    39 |    73 |    70 ||   207
   Form: Maw               |     1 |       |       |       ||     1
